 Dungeon Crawl Stone Soup version 0.31-a0-844-gdc52ec4e09 (webtiles) character file.

Game seed: 2327483041132552563

1061 freelancePsychic the Shooter (level 8, -6/39 (42) HPs)
             Began as a Vine Stalker Conjurer on Sept 29, 2023.
             Was a Follower of Cheibriados.
             Mangled by a wight
             ... wielding a +0 great sword
              (20 damage)
             ... on level 6 of the Dungeon.
             The game lasted 00:07:51 (5041 turns).

freelancePsychic the Shooter (VSCj)                 Turns: 5041, Time: 00:07:51

HP:   -6/39 (42)    AC:  3    Str: 14    XL:     8   Next: 27%
MP:   0/13          EV: 11    Int: 23    God:    Cheibriados [*.....]
Gold: 319           SH:  0    Dex: 15    Spells: 10/13 levels left

rFire   . . .        b - +0 triple crossbow (freeze)
rCold   . . .        (shield currently unavailable)
rNeg    . . .        y - +0 leather armour
rPois   .            (no helmet)
rElec   .            (no cloak)
rCorr   .            (no gloves)
SInv    .            (no boots)
Will    +....        (no amulet)
Stlth   ++           (no ring)
HPRegen 1.06/turn    (no ring)
MPRegen 0.13/turn

%: guardian spirit
@: about to teleport, drained, very slow
A: fangs 3, regeneration 1, magic shield, antimagic bite, no potion heal 2
a: Renounce Religion, Bend Time


You were on level 6 of the Dungeon.
You worshipped Cheibriados.
Cheibriados was aware of your devotion.
You visited 2 branches of the dungeon, and saw 7 of its levels.

You collected 319 gold pieces.

Inventory:

Hand Weapons
 a - the +8 dagger "Nibrav" {freeze, rPois Str+4 Int-4}
   (You found it on level 2 of the Dungeon)

   Str+4:     It affects your strength (+4).
   Int-4:     It affects your intelligence (-4).
   rPois:     It protects you from poison
 b - a +0 triple crossbow of freezing (weapon)
 v - a +0 dagger
Armour
 l - a +0 robe
 q - a +0 ring mail
 y - a +0 leather armour (worn)
Jewellery
 A - a ring of see invisible
Talismans
 u - a talisman of death
Wands
 j - a wand of acid (9)
 r - a wand of flame (21)
Scrolls
 e - a scroll of acquirement {unknown}
 h - a scroll of noise {unknown}
 m - a scroll of poison
 s - a scroll of revelation
 t - 2 scrolls of enchant armour
 w - 3 scrolls of identify {@r1}
Potions
 c - 3 potions of magic
 d - 5 potions of curing {unknown}
 f - a potion of enlightenment {unknown}
 g - 2 potions of heal wounds {unknown}
 i - a potion of ambrosia {unknown}
 o - 2 potions of cancellation {unknown}
 p - 2 potions of degeneration {unknown}
 x - 2 potions of mutation {unknown}
 z - a potion of haste {unknown}
 B - a potion of attraction {unknown}


   Skills:
 + Level 4.2 Fighting
 - Level 2.9 Short Blades
 * Level 5.2 Ranged Weapons
 - Level 1.5 Dodging
 - Level 4.0 Stealth
 - Level 3.2 Spellcasting
 - Level 4.5 Conjurations


You had 10 spell levels left.
You knew the following spells:

 Your Spells              Type           Power      Damage    Failure   Level
a - Magic Dart            Conj           96%        1d7       2%          1
b - Searing Ray           Conj           48%        2d6       3%          2

Your spell library contained the following spells:

 Spells                   Type           Power      Damage    Failure   Level
 Apportation              Tloc           6%         N/A       14%         1
 Dazzling Flash           Conj/Hex       28%        N/A       17%         3
 Jinxbite                 Hex            6%         N/A       22%         2
 Fulminant Prism          Conj/Hex       7%         3d7       50%         4
 Iskenderun's Mystic Bla  Conj/Tloc      14%        2d5       50%         4
 Alistair's Intoxication  Tmut/Pois      2%         N/A       99%         5


Dungeon Overview and Level Annotations

Branches:
Dungeon (6/15)             Temple (1/1) D:4

Altars:
Ashenzari
Cheibriados
Elyvilon
Fedhas
Gozag
Hepliaklqana
Kikubaaqudgha
Makhleb
Nemelex Xobeh
Okawaru
Qazlal
Ru
Sif Muna
Trog
Vehumet
Xom
Yredelemnul
Zin
The Shining One


Innate Abilities, Weirdness & Mutations

You have razor-sharp teeth.
Your natural rate of healing is unusually fast.
When hurt, damage is shared between your health and your magic reserves.
Your bite disrupts and absorbs the magic of your enemies.
Potions cannot restore your health.


Message History

A wight comes into view. It is wielding a +0 great sword.
The wight moves out of view.
A wight and a phantom come into view.
The +8 dagger "Nibrav" {freeze, rPois Str+4 Int-4} stops glowing.
Your +0 triple crossbow of freezing is covered in frost.
b - a +0 triple crossbow of freezing (weapon)
You shoot a bolt. The bolt closely misses the phantom.
A wight comes into view. It is wielding a +0 mace.
The phantom closely misses you.
You shoot a bolt. The bolt hits the phantom!
The bolt freezes the phantom.
The phantom is heavily damaged.
The phantom hits you.
The phantom blinks!
You blink.
The phantom closely misses you.
You shoot a bolt. The bolt closely misses the phantom.
The phantom closely misses you.
The wight hits you with a +0 great sword!!
You feel drained. The phantom barely misses you. The wight closely misses you.
The phantom hits you.
The phantom blinks!
You blink.
A wight comes into view. It is wielding a +0 spear.
Okay, then.
The phantom hits you.
The phantom blinks!
You blink.
As you read the scroll labelled SEJYUD SIOTEIX, it crumbles to dust.
It is a scroll of amnesia.
Okay, then.
The phantom misses you.
As you read the scroll labelled YFRAVUKASS, it crumbles to dust.
You feel strangely unstable.
It was a scroll of teleportation.
The phantom barely misses you. The wight closely misses you.
The phantom attacks as it pursues you! The phantom hits you.
The wight attacks as it pursues you! The wight hits you with a +0 mace. x2
* * * LOW HITPOINT WARNING * * *
You feel drained.
The phantom hits you but does no damage.
Your surroundings suddenly seem different.
As you read the scroll of teleportation {@r4}, it crumbles to dust.
You feel strangely unstable.
The wight hits you with a +0 great sword!!
Ouch! That really hurt!
You die...

#..
###...#..##.#.##...
#.. ##..........####.
#.###..#.#...# . #.#
##........ #.#
#......... #.#
#.#....... #.#
#ยง#......
#####.####.#....##
##..@...#.....#...#
##..z...........#..#
#....z...........#.#
#....W...............
#....z...............
#....................
#....................
#....................
##...................


You could see a phantom and 3 wights.

Vanquished Creatures
  Sigmund (D:6)
  A water moccasin (D:5)
  A black bear (D:4)
  An ogre (D:5)
  A phantom (D:5)
  A howler monkey (D:5)
  2 orc priests (D:5)
  3 hounds
  An iguana (D:4)
  2 sleepcaps
  2 orc wizards (D:5)
  4 adders (D:4)
  7 gnolls
  A shadow imp (D:4)
  3 worms
  3 dart slugs
  8 orcs
  12 ball pythons
  5 bats
  8 endoplasms
  4 giant cockroaches
  7 goblins
  6 hobgoblins
  2 jackals (D:5)
  4 quokkas
  5 frilled lizards
  10 kobolds
  7 rats
112 creatures vanquished.

Notes
Turn   | Place    | Note
-------+----------+-------------------------------------------
     0 | D:1      | freelancePsychic the Vine Stalker Conjurer began the quest
                  | for the Orb.
     0 | D:1      | Reached XP level 1. HP: 9/9 MP: 4/4
   105 | D:1      | Reached XP level 2. HP: 14/14 MP: 3/6
   248 | D:1      | Learned a level 2 spell: Searing Ray
   441 | D:1      | Reached XP level 3. HP: 17/17 MP: 4/7
  1305 | D:2      | Reached skill level 1 in Fighting
  1485 | D:2      | Identified the +8 dagger "Nibrav" {freeze, rPois Str+4
                  | Int-4}
  1685 | D:2      | Reached XP level 4. HP: 16/22 MP: 5/9
  2786 | D:3      | Reached skill level 1 in Short Blades
  3094 | D:4      | Found a staircase to the Ecumenical Temple.
  3113 | D:3      | Reached XP level 5. HP: 23/25 MP: 6/10
  3206 | Temple   | Entered the Ecumenical Temple
  3248 | Temple   | Became a worshipper of Ru the Awakened
  3275 | D:4      | Found a sparkling altar of Nemelex Xobeh.
  3546 | Temple   | Fell from the grace of Ru
  3546 | Temple   | Became a worshipper of Cheibriados the Contemplative
  3889 | D:4      | Reached XP level 6. HP: 30/30 MP: 11/11
  3895 | D:4      | Noticed a black bear
  3905 | D:4      | Killed a black bear
  3906 | D:4      | Reached skill level 1 in Ranged Weapons
  4143 | D:5      | Entered Level 5 of the Dungeon
  4149 | D:5      | Reached skill level 2 in Ranged Weapons
  4218 | D:5      | Reached * piety under Cheibriados
  4269 | D:5      | Reached XP level 7. HP: 35/35 MP: 12/12
  4327 | D:5      | Found a shimmering blue altar of Sif Muna.
  4384 | D:5      | Reached skill level 3 in Ranged Weapons
  4435 | D:5      | Reached skill level 4 in Ranged Weapons
  4526 | D:5      | Gained mutation: You have razor-sharp teeth. [Vine Stalker
                  | growth]
  4526 | D:5      | Reached XP level 8. HP: 42/42 MP: 11/13
  4977 | D:6      | Noticed Sigmund
  4988 | D:6      | Killed Sigmund
  4989 | D:6      | Reached skill level 5 in Ranged Weapons
  4995 | D:6      | Found a glowing golden altar of the Shining One.
  4996 | D:6      | Found a radiant altar of Vehumet.
  4999 | D:6      | Found an iron altar of Okawaru.
  5041 | D:6      | Mangled by a wight

Illustrated notes

Levels and vault maps discovered:
D:1:      dpeg_arrival_arbitrary_b, layout_basic, serial_forest,
          infiniplex_forest_clump_small, infiniplex_forest_lined_2,
          infiniplex_forest_diagonal, infiniplex_forest_clump_tiny,
          infiniplex_forest_lined_room_3, infiniplex_forest_lined_corner
D:2:      layout_loops_ring, minivault_23, kennysheep_pointless_box
D:3:      layout_rooms
D:4:      layout_basic, nemelex_diamond_rough_becter,
          minmay_temple_entry_junction
D:5:      layout_gridville, mainiacjoe_overflow_small_starburst,
          hangedman_minor_gate_pass
D:6:      layout_rooms, grunt_temple_overflow_open, nicolae_lava_and_water,
          uniq_menkaure, uniq_sigmund
Temple:   nicolae_temple_bog_church

Skill      XL: |  1  2  3  4  5  6  7  8 |
---------------+-------------------------+-----
Stealth        | 3 4 |  4.0
Fighting       | 1 2 3 4 |  4.2
Short Blades   | 1 2 |  2.9
Spellcasting   | 3 |  3.2
Ranged Weapons | 2 4 5 |  5.2
Dodging        | |  1.5
Conjurations   | |  4.5

Action                     |  1- 3 |  4- 6 |  7- 9 || total
---------------------------+-------+-------+-------++-------
  Melee: Dagger            |    49 |    41 |    13 ||   103
         Bite              |    14 |     7 |     3 ||    24
   Fire: Triple crossbow   |       |    38 |    21 ||    59
   Cast: Magic Dart        |    21 |       |       ||    21
         Searing Ray       |    24 |    24 |       ||    48
    Use: Scroll            |       |     6 |     3 ||     9
   Stab: Sleeping          |     2 |     2 |     2 ||     6
 Armour: Robe              |    38 |     1 |       ||    39
         Ring mail         |       |    14 |       ||    14
         Leather armour    |       |    44 |    20 ||    64
  Dodge: Dodged            |    40 |    62 |    21 ||   123

Table legend: (Time is in decaauts)
 A = Elapsed time spent in this place.
 B = Non-inter-level travel time spent in this place.
 C = Inter-level travel time spent in this place.
 D = Time resting spent in this place.
 E = Time spent auto-exploring this place.
 F = Levels seen in this place.
 G = Mean time per level.
                   A        B        C        D        E       F      G
               +--------+--------+--------+--------+--------+-----+--------+
         Total |   5511 |   5112 |    399 |     30 |   4348 |   7 |  787.3 |
       Dungeon |   5439 |   5077 |    362 |     30 |   4334 |   6 |  906.5 |
        Temple |     71 |     34 |     37 |      0 |     14 |   1 |   71.0 |
               +--------+--------+--------+--------+--------+-----+--------+

Top non-repeatable levels by time:
     D:2: 1287 daAuts
     D:5: 1126 daAuts
     D:1: 1053 daAuts
     D:4: 1025 daAuts
     D:3: 861 daAuts
     D:6: 85 daAuts
  Temple: 71 daAuts
